Zazza, neutral female human Tourist --------------- ----- |.............| |<.*-## |.............| |...| # # |.............. |...| ### ######..@........{.$| |...+## # # ------------ -- |...| # ### #### |....###### # ## ----- # ############ ##### # # # # ### ------|- # |.......##### .......| |....>.| |......| -------- Zazza the Rambler Experience level: 1 Strength: 13 Dexterity: 10 Constitution: 14 Intelligence: 14 Wisdom: 6 Charisma: 18 Health: 0(17) Energy: 2(2) Def: 1 Gold: 1723 Moves: 1471 Dungeon seed: 4pT7U9Oe5wzJ5t39 Game ID: Zazza_1599405610 Your Inventory: Coins $ - 1723 gold pieces Weapons a - 40 +2 darts (in quiver) o - a +0 sling s - a blessed +0 orcish dagger (weapon in hand) t - a +0 crossbow u - a +0 sling B - a +0 dart Armor e - an uncursed +0 Hawaiian shirt (being worn) r - an uncursed +0 pair of speed boots (being worn) y - an uncursed +0 orcish helm Comestibles b - 8 uncursed food rations f - an uncursed apple h - an uncursed carrot x - an uncursed cream pie C - an uncursed tripe ration Scrolls j - a blessed scroll of magic mapping k - 3 uncursed scrolls of magic mapping p - an uncursed scroll of create monster z - an uncursed scroll of fire Spellbooks n - an uncursed spellbook of wizard lock A - an uncursed spellbook of fireball Potions i - an uncursed potion of extra healing Wands v - a wand of cold (0:4) D - a wand of light (0:14) Tools l - an expensive camera (0:82) m - an uncursed credit card Gems q - an uncursed worthless piece of yellowish brown glass N - an uncursed jasper stone Spells and supernatural/magical abilities: Name Level Category Fail Memory w - wizard lock 2 matter 96% 95% W - pray for help -- divine ? -- Your skills at the end: Fighting Skills Weapon Skills dart [Basic] Spellcasting Skills Final Attributes: You were nominally aligned. You were very fast. You are dead. Vanquished creatures: a shrieker a little dog 4 manes a gecko 3 jackals a kobold a goblin 2 sewer rats a grid bug 3 lichens 3 newts 21 creatures vanquished. Voluntary challenges: You used a wielded weapon 2 times, starting on turn 885. You read items or engraved 9 times, starting on turn 296. You never genocided any monsters. You never polymorphed an object. You never changed form. You used no wishes. You never split a pudding. You wrote Elbereth's name 4 times, starting on turn 638. You never violated your personal moral code. Dungeon overview: The Dungeons of Doom: levels 1 to 6 Level 1 a long staircase Level 2 a long staircase Level 3 Level 4 Level 5 a fountain, a sink Level 6 <- You were here a fountain History has recorded: On T:1 you entered the Dungeons of Doom to retrieve the Amulet of Yendor! On T:467 you reached level 4 of The Dungeons of Doom. On T:534 you reached level 3 of The Dungeons of Doom. On T:664 you reached level 2 of The Dungeons of Doom. On T:1183 you reached level 5 of The Dungeons of Doom. On T:1427 you reached level 6 of The Dungeons of Doom. Score breakdown: Gold: 811 ( 9897 points) Experience: 1 level ( 0 points) Exploration: 6 levels ( 12.50%) ( 9784 points) Discoveries: 4 items ( 1.34%) ( 3475 points) Valuables value: (no points given unless you survive) Artifact value: 0 ( 0 points) Variety of kills: 11 monsters ( 2.89%) ( 5097 points) Turncount: 1471 turns ( 0 points) Survival: died (score multiplied by 80%) Total score: 22602 Latest messages: You displace Armand. You stop travelling. You displace Armand. A trap door in the ceiling opens and a rock falls on your head! The door opens. You hear some noises in the distance. You hear some noises. You hear some noises in the distance. The little dog misses the manes. The manes hits! (2x) The manes bites! The manes hits! (2x) The manes bites! You hear some noises. You hear some noises in the distance. You have a sad feeling for a moment, then it passes. You hear some noises. You hear some noises in the distance. You hear some noises. You hear some noises in the distance. $ - 53 gold pieces. You hear some noises in the distance. A trap door in the ceiling opens and a rock falls on your head! You die... Final status: Aloha Zazza the Tourist, killed by a falling rock... You died in The Dungeons of Doom on dungeon level 6 with 22602 points, and 1723 pieces of gold, after 1471 moves. You were level 1 with a maximum of 17 hit points when you died.